 Dungeon Crawl Stone Soup version 0.14.1-1-g650416f (webtiles) character file.

460 Rockjaw the Ruffian (level 5, 28/40 HPs)
             Began as a Draconian Transmuter on May 11, 2014.
             Quit the game on Level 3 of the Dungeon.
             The game lasted 00:27:33 (2882 turns).

Rockjaw the Ruffian (Draconian Transmuter)          Turns: 2882, Time: 00:27:33

HP  28/40        AC  5     Str 14      XL: 5   Next: 95%
MP  11/11        EV 13     Int 13      God:
Gold 200         SH  0     Dex 11      Spells:  3 memorised,  5 levels left

rFire  . . .     SeeInvis .     f - +0 trident
rCold  . . .     Clarity  .     (armour unavailable)
rNeg   . . .     Conserve .     (no shield)
rPois  .         rCorr    .     (helmet restricted)
rElec  .         rRot     .     (no cloak)
SustAb . .       Spirit   .     (no gloves)
rMut   .         Warding  .     (no boots)
Saprov . . .     Stasis   .     (no amulet)
MR     .....                    (no ring)
                                (no ring)

@: not resistant to hostile enchantments, unstealthy
A: unfitting armour, AC +5
a: no special abilities


You were on level 3 of the Dungeon.
You were not hungry.

You visited 1 branch of the dungeon, and saw 4 of its levels.

You collected 200 gold pieces.

Inventory:

Hand weapons
 f - a +0,+0 trident (weapon)
Missiles
 b - 32 arrows
 i - 18 poisoned arrows
Comestibles
 h - 3 meat rations
 k - a honeycomb
 s - a bread ration
Scrolls
 l - a scroll of random uselessness {unknown}
 n - a scroll of blinking {unknown}
 o - 2 scrolls of teleportation
 r - a scroll of fog {unknown}
Jewellery
 m - a +2 ring of strength {unknown}
Potions
 a - a potion of confusion {unknown}
 c - a potion of invisibility
 e - a potion of heal wounds {unknown}
 g - a potion of brilliance {unknown}
 j - a potion of might {unknown}
 p - 2 potions of mutation {unknown}
Books
 d - a book of Changes

   Spells                             Type                      Level
   *Beastly Appendage                 Transmutation                1
   *Sticks to Snakes                  Transmutation                2
   *Spider Form                       Transmutation/Poison         3
   Ice Form                           Ice/Transmutation            4
   Blade Hands                        Transmutation                5


   Skills:
 + Level 1.4 Fighting
 + Level 0.4 Polearms
 + Level 3.2 Dodging
 + Level 0.4 Stealth
 + Level 4.0 Unarmed Combat
 + Level 3.5 Spellcasting
 + Level 3.0 Transmutations


You had 5 spell levels left.
You knew the following spells:

 Your Spells              Type           Power        Failure   Level  Hunger
a - Beastly Appendage     Trmt           ##....       10%         1    #......
b - Spider Form           Trmt/Pois      #.........   38%         3    ###....
c - Sticks to Snakes      Trmt           ##........   12%         2    ##.....


Dungeon Overview and Level Annotations

Branches:
Dungeon (4/15)
 Temple: D:4-7

Altars:
Ashenzari

Annotations:
D:4 Eustachio, Ijyb


Message History

You start resting.
You flicker for a moment.
You start resting.
You flicker back into view.
You start resting.
Your magical contamination has completely faded away.
You start resting.
A rat comes into view.
Cast which spell? (? or * to list)
Your feet morph into talons.
The rat twitches its whiskers.
You hit the rat.
You kill the rat!
You start resting.
Magic restored.
You see here a dagger.
Your transformation is almost over.
Your talons disappear.
You open the door.
Are you sure you want to abandon this character and quit the game? (Confirm with "yes".)

#############.##.####.#
#................# #.#
#.#########.....## #.# #.#
##...## #.# #.# ##.## #.# #.#
#.# #.# #.# #.# #.###
##.####### ##'## #.#.##
#........# ##@..## #....#
#..#####.###.....## ###.##
#..#.## ##.......## ##.##
#.....##.#.........####...####
#........+.........'..........
###...####.........####...####
###..............## ##.##
#...#.#####.....## #.# #.#..##
#....## ...


There were no monsters in sight!

Vanquished Creatures
  3 orc wizards (D:4)
  A worker ant (D:3)
  3 gnolls (D:3)
  4 adders
  A giant gecko (D:2)
  3 oozes
  3 orcs
  A ball python (D:3)
  3 bats
  7 goblins
  8 hobgoblins
  9 kobolds
  A quokka (D:3)
  9 giant cockroaches
  4 giant newts
  12 rats
72 creatures vanquished.

Vanquished Creatures (collateral kills)
  A gnoll (D:3)
  2 orcs (D:3)
  A giant newt (D:2)
4 creatures vanquished.

Grand Total: 76 creatures vanquished

Notes
Turn   | Place    | Note
--------------------------------------------------------------
     0 | D:1      | Rockjaw, the Draconian Transmuter, began the quest for the Orb.
     0 | D:1      | Reached XP level 1. HP: 16/16 MP: 3/3
   118 | D:1      | Reached XP level 2. HP: 20/23 MP: 1/4
   628 | D:2      | Reached XP level 3. HP: 17/28 MP: 4/6
   667 | D:2      | Learned a level 3 spell: Spider Form
   670 | D:2      | Learned a level 2 spell: Sticks to Snakes
  1267 | D:3      | Reached XP level 4. HP: 10/35 MP: 6/8
  1814 | D:3      | Reached XP level 5. HP: 36/40 MP: 8/10
  2224 | D:3      | Reached skill level 4 in Unarmed Combat
  2365 | D:4      | Found a shattered altar of Ashenzari.
  2749 | D:4      | Noticed Eustachio
  2749 | D:4      | Noticed Ijyb
  2882 | D:3      | Quit the game

Action                   |  1- 3 |  4- 6 || total
-------------------------+-------+-------++-------
Melee: Unarmed           |   135 |    74 ||   209
       Spear             |       |    43 ||    43
       Trident           |       |     7 ||     7
 Cast: Beastly Appendage |    29 |    17 ||    46
       Sticks to Snakes  |     2 |     3 ||     5
       Spider Form       |       |     3 ||     3
  Use: Scroll            |     5 |     2 ||     7
       Potion            |       |     4 ||     4
 Stab: Sleeping          |     1 |       ||     1
       Invisible         |       |     2 ||     2
